 Dungeon Crawl Stone Soup version 0.30.1-11-g7821555f0a (webtiles) character file.

Game seed: 15649111995792003794

175 Cilian the Shooter (level 5, 0/49 HPs)
             Began as a Minotaur Hunter on Dec 26, 2023.
             Was a Believer of Zin.
             Slain by Pikel
             ... wielding a +0 whip of freezing
              (3 damage)
             ... on level 4 of the Dungeon.
             The game lasted 00:18:29 (2323 turns).

Cilian the Shooter (Minotaur Hunter)                Turns: 2323, Time: 00:18:33

Health: 0/49       AC:  3    Str: 16    XL:     5   Next: 29%
Magic:  4/4        EV: 12    Int:  6    God:    Zin [**....]
Gold:   176        SH:  0    Dex: 15    Spells: 4/4 levels left

rFire   . . .        a - +0 shortbow (flame)
rCold   . . .        (shield currently unavailable)
rNeg    . . .        c - +0 leather armour
rPois   .            (helmet restricted)
rElec   .            (no cloak)
rCorr   .            (no gloves)
SInv    .            (no boots)
Will    .....        (no amulet)
Stlth   +            (no ring)
HPRegen 0.28/turn    (no ring)
MPRegen 0.09/turn

%: no passive effects
@: no status effects
A: horns 2, retaliatory headbutt, robust 1
a: Renounce Religion, Recite, Vitalisation, Donate Gold


You were on level 4 of the Dungeon.
You worshipped Zin.
Zin was pleased with you.
You visited 1 branch of the dungeon, and saw 4 of its levels.

You collected 195 gold pieces.
You donated 19 gold pieces to Zin.

Inventory:

Hand Weapons
 a - a +0 shortbow of flaming (weapon)
 e - a +2 short sword of protection
 h - a +2 whip of flaming
Armour
 c - a +0 leather armour (worn)
Jewellery
 j - a ring of fire
 k - a ring of ice
Wands
 o - a wand of iceblast (4)
Scrolls
 b - 2 scrolls of immolation
 d - 3 scrolls of identify {unknown}
 g - a scroll of fear {unknown}
 l - a scroll of teleportation {unknown}
 m - a scroll of summoning {unknown}
 n - a scroll of vulnerability {unknown}
 p - a scroll of amnesia {unknown}
Potions
 f - 2 potions of heal wounds {unknown}
 i - 2 potions of might {unknown}


   Skills:
 + Level 3.1 Fighting
 + Level 6.9 Ranged Weapons
 + Level 0.7 Armour
 + Level 2.3 Dodging
 + Level 0.7 Stealth


You had 4 spell levels left.
You didn't know any spells.
Your spell library contained the following spells:

 Spells                   Type           Power      Damage    Failure   Level
 Passwall                 Tmut/Erth      0%         N/A       67%         2
 Statue Form              Tmut/Erth      0%         N/A       100%        6
 Shatter                  Erth           0%         3d5*      100%        9


Dungeon Overview and Level Annotations

Branches:
Dungeon (4/15)
 Temple: D:4-7

Altars:
Yredelemnul
Zin

Shops:
D:2 *

Annotations:
D:4 Pikel


Innate Abilities, Weirdness & Mutations

You have a pair of horns on your head.
You reflexively headbutt those who attack you in melee.
You are robust. (+10% HP)


Message History

The arrow hits Pikel but does no damage.
Pikel is heavily wounded.
Pikel hits you with a +0 whip of freezing.
Pikel freezes you.
You shoot an arrow.
The arrow hits Pikel but does no damage.
Pikel is heavily wounded.
Pikel hits you but does no damage.
You shoot an arrow.
The arrow hits Pikel but does no damage.
Pikel is heavily wounded.
Pikel misses you.
Pikel hits you with a +0 whip of freezing!
Pikel freezes you.
You shoot an arrow.
The arrow hits Pikel but does no damage.
Pikel is heavily wounded.
Pikel hits you with a +0 whip of freezing.
Pikel freezes you.
You shoot an arrow. The arrow closely misses Pikel.
The arrow hits the lemure.
The arrow burns the lemure.
The lemure is moderately wounded.
Pikel hits you with a +0 whip of freezing!
Pikel freezes you.
* * * LOW HITPOINT WARNING * * *
As you read the scroll of immolation, it crumbles to dust.
The creatures around you are filled with an inner flame!
Pikel hits you with a +0 whip of freezing.
* * * LOW HITPOINT WARNING * * *
Pikel freezes you.
* * * LOW HITPOINT WARNING * * *
Pikel attacks as you move away! Pikel barely misses you.
You shoot an arrow. The arrow hits Pikel.
Flame seeps out of Pikel.
The arrow burns Pikel.
Flame seeps out of Pikel.
Pikel is heavily wounded.
Pikel is engulfed in blazing flames.
Flame seeps out of Pikel.
Pikel hits you with a +0 whip of freezing!
* * * LOW HITPOINT WARNING * * *
Pikel freezes you.
You die...

##. #.# #.# ..# #.# #.#
#.#########.# ## #.#
#.........## ##.# #.#
#.#.#####.#.###.# #.# ..
#.## #.#.....# #.# ##
#.#.## #.#.....#######.#
..###.###.........†.....#
#.# ##55K@......#########
#. #.####......# # #5:
........# #.## ###....###
... ......# .## ###.### .
#.# .#


You could see Pikel (inner flame) and 2 lemures.

Vanquished Creatures
  A hound (D:4)
  6 adders
  A worm (D:2)
  A dart slug (D:2)
  4 orcs (D:3)
  8 ball pythons
  8 bats
  7 endoplasms
  6 giant cockroaches
  4 goblins (D:1)
  10 hobgoblins
  3 jackals (D:2)
  10 kobolds
  2 quokkas
  4 frilled lizards
  6 rats
81 creatures vanquished.

Notes
Turn   | Place    | Note
-------+----------+-------------------------------------------
     0 | D:1      | Cilian the Minotaur Hunter began the quest for the Orb.
     0 | D:1      | Reached XP level 1. HP: 18/18 MP: 0/0
   132 | D:1      | Reached XP level 2. HP: 25/25 MP: 1/1
   159 | D:1      | Reached skill level 5 in Ranged Weapons
   276 | D:1      | Got the Directory of Bedrock
   395 | D:1      | Reached XP level 3. HP: 30/30 MP: 2/2
   800 | D:1      | Gained mutation: You are robust. (+10% HP) [potion of
                  | mutation]
   924 | D:2      | Found Sutexext's Assorted Antiques.
   926 | D:2      | Found a basalt altar of Yredelemnul.
   967 | D:2      | Reached skill level 6 in Ranged Weapons
   988 | D:2      | Reached XP level 4. HP: 40/40 MP: 3/3
  1059 | D:2      | Found a faded altar of an unknown god.
  1075 | D:2      | Prayed at the altar of an unknown god.
  1075 | D:2      | Became a worshipper of Zin the Law-Giver
  1075 | D:2      | Reached * piety under Zin
  1075 | D:2      | Reached ** piety under Zin
  1992 | D:3      | Reached XP level 5. HP: 49/49 MP: 4/4
  2307 | D:4      | Noticed a lemure
  2307 | D:4      | Noticed Pikel
  2309 | D:4      | Noticed a lemure
  2310 | D:4      | Noticed a lemure
  2312 | D:4      | Noticed a lemure
  2323 | D:4      | Slain by Pikel

Illustrated notes

Levels and vault maps discovered:
D:1:      saegor_arrival_under_anarchy, layout_basic, serial_bayou,
          serial_bayou_lake_a, serial_bayou_pond_b, serial_bayou_lagoon_b,
          serial_bayou_crossing, minmay_misc_feat_four_crosses, minivault_14,
          serial_park_tiny_2, minmay_split_cup_large
D:2:      layout_loops_ring, basic_altar, serial_shops, nicolae_shop_stone,
          dreamdust_ecumenical_altar_grove
D:3:      layout_loops_cross
D:4:      layout_loops_ring, uniq_eustachio, uniq_pikel

Skill      XL: |  1  2  3  4 |
---------------+-------------+-----
Ranged Weapons | 5 6 |  6.9
Fighting       | 3 |  3.1
Armour         | |  0.7
Dodging        | |  2.3
Stealth        | |  0.7

Action                     |  1- 3 |  4- 6 || total
---------------------------+-------+-------++-------
   Fire: Shortbow          |   118 |    95 ||   213
    Use: Potion            |     2 |       ||     2
         Scroll            |     1 |     1 ||     2
 Armour: Leather armour    |    10 |     8 ||    18
  Dodge: Dodged            |    26 |    15 ||    41
